[Event "Team 45 45 League T71"]
[Site "Internet Chess Club"]
[Date "2016.12.10"]
[Round "1"]
[White "BrerRabbit"]
[Black "Toalla"]
[Result "1-0"]
[WhiteElo "1398"]
[BlackElo "1137"]
[Opening "Queen's pawn"]
[ECO "A40"]
[Time "18:04:59"]
[TimeControl "2700+45"]

1. d4 e6 2. Bf4 d5 3. e3 Bd6 4. Bxd6 Qxd6 5. Qg4 g6 6. Nd2 Nf6 7. Qh4 Qe7 8.
Ngf3 Bd7 9. Bd3 Nc6 10. a3 Nh5 11. Qxe7+ Nxe7 12. Ne5 Nf6 13. Ndf3 h6 14. O-O a6
15. c4 c6 16. Rac1 O-O 17. cxd5 exd5 18. Nd2 Bf5 19. Bxf5 Nxf5 20. Nb3 Rac8 21.
Nc5 Rc7 22. a4 Kg7 23. b4 Ne7 24. b5 Nc8 25. bxc6 Nd6 26. cxb7 Nxb7 27. Ne6+
{Black resigns} 1-0

[Event "Team 45 45 League T71"]
[Site "Internet Chess Club"]
[Date "2016.12.12"]
[Round "1"]
[White "clarinetref"]
[Black "rubo"]
[Result "0-1"]
[WhiteElo "1580"]
[BlackElo "1639"]
[Opening "Scotch: Potter variation"]
[ECO "C45"]
[Time "21:06:08"]
[TimeControl "2700+45"]

1. e4 e5 2. Nf3 Nc6 3. d4 exd4 4. Nxd4 Bc5 5. Nb3 Bb6 6. Nc3 Nf6 7. Bd3 d6 8. h3
h6 9. Na4 Be6 10. Nxb6 axb6 11. Be3 Qd7 12. c3 Ke7 13. Qc2 Ne5 14. Ke2 c5 15. c4
Qa4 16. Rhc1 Ra7 17. f4 Nxd3 18. Qxd3 Rha8 19. f5 Bd7 20. Bf4 Qc6 21. Rd1 Qxe4+
22. Qe3 Qxe3+ 23. Kxe3 Ne8 24. a3 Bxf5 25. Re1 Be6 26. Nd2 Ra4 27. Kf2 Kd7 28.
Rac1 b5 29. b3 Rxa3 30. cxb5 Bxb3 31. Re3 Bd5 32. Re2 R8a4 33. Bh2 Nc7 34. Rce1
Ne6 35. Nf1 Bc4 36. Rd2 Ra2 37. Rd1 Rxd2+ 38. Nxd2 Ra2 39. Ke3 Bxb5 40. Ne4 Ra3+
41. Kf2 Rd3 42. Re1 d5 43. Ng3 g6 44. Rb1 Bc6 45. Ke2 Ra3 46. Rf1 Ke7 {White
resigns} 0-1

[Event "Team 45 45 League T71"]
[Site "Internet Chess Club"]
[Date "2016.12.09"]
[Round "1"]
[White "nosir"]
[Black "kutch"]
[Result "1/2-1/2"]
[WhiteElo "1525"]
[BlackElo "1472"]
[Opening "Queen's pawn game"]
[ECO "D02"]
[Time "20:00:32"]
[TimeControl "2700+45"]

1. d4 d5 2. Nf3 b6 3. Bg5 Bb7 4. e3 Nf6 5. Bxf6 exf6 6. Bd3 Nd7 7. Nbd2 Bd6 8.
Qe2 Qe7 9. Nh4 g6 10. f4 f5 11. Nhf3 O-O-O 12. O-O-O Rde8 13. Rde1 Nf6 14. Ba6
Ng4 15. Ne5 Bxe5 16. fxe5 f6 17. h3 Nh6 18. exf6 Qxf6 19. Nf3 Nf7 20. Qd3 Re7
21. Re2 Rhe8 22. Rhe1 Kb8 23. Bxb7 Kxb7 24. c4 dxc4 25. Qxc4 Re6 26. Qd3 Qe7 27.
a3 Rd8 28. Rc2 Ne5 29. Nxe5 Rxe5 30. Rce2 Qg5 31. Qb3 Rxd4 32. Kb1 Rde4 33. Qd3
Qf6 34. Qc2 f4 35. exf4 Rxe2 36. Rxe2 Rxe2 37. Qxe2 Qxf4 38. g4 Qd6 39. h4 h6
40. h5 gxh5 41. gxh5 Qd5 42. Qg4 Qh1+ 43. Ka2 Qd5+ 44. Kb1 Qh1+ {Game drawn by
mutual agreement} 1/2-1/2

[Event "Team 45 45 League T71"]
[Site "Internet Chess Club"]
[Date "2016.12.11"]
[Round "1"]
[White "sdcohle"]
[Black "g8wrb"]
[Result "1-0"]
[WhiteElo "1481"]
[BlackElo "1293"]
[Opening "Bogo-Indian defense, Nimzovich variation"]
[ECO "E11"]
[Time "15:00:29"]
[TimeControl "2700+45"]

1. d4 Nf6 2. c4 e6 3. Nf3 Bb4+ 4. Bd2 Qe7 5. e3 O-O 6. Bxb4 Qxb4+ 7. Qd2 a5 8.
Qxb4 axb4 9. Bd3 b6 10. O-O c5 11. Nbd2 Bb7 12. b3 Nc6 13. dxc5 bxc5 14. Ne4
Nxe4 15. Bxe4 Ra7 16. Rfd1 f5 17. Bxc6 Bxc6 18. Ne5 Rfa8 19. Rd2 Kf8 20. Nxc6
dxc6 21. g3 Ke7 22. h4 h6 23. f4 Ra3 24. Rd3 Rxa2 25. Rxa2 Rxa2 26. Kh1 Rf2 27.
Kg1 Rb2 28. Kh1 g6 29. Kg1 Ra2 30. Kf1 Ra3 31. Ke2 Ra2+ 32. Rd2 Ra7 33. Kf3 Ra1
34. Kf2 Ra7 35. Kf3 Rd7 36. Rxd7+ Kxd7 37. e4 fxe4+ 38. Kxe4 Ke7 39. Ke5 h5 40.
Ke4 Kf6 41. Kf3 Kf5 42. Ke3 Kg4 43. Kf2 Kf5 44. Kf3 e5 45. fxe5 Kxe5 46. Ke3 Kf5
47. Kf3 Ke5 48. Ke3 Kf5 49. Kf3 g5 50. hxg5 Kxg5 51. Kg2 Kg4 52. Kf2 Kh3 53. Kf3
Kh2 54. Kf2 Kh3 55. Kf3 Kh2 56. g4 hxg4+ 57. Kxg4 Kg2 58. Kf5 Kf3 59. Ke6 Ke4
60. Kd6 Kd4 61. Kxc6 Kc3 62. Kxc5 Kxb3 63. Kd5 Kc3 64. c5 b3 65. c6 b2 66. c7
b1=Q 67. c8=Q+ Kd3 68. Qf5+ {Black resigns} 1-0

[Event "Team 45 45 League T71"]
[Site "Internet Chess Club"]
[Date "2016.12.09"]
[Round "1"]
[White "JRussell2"]
[Black "Visin"]
[Result "1/2-1/2"]
[WhiteElo "1362"]
[BlackElo "1227"]
[Opening "Ruy Lopez: Steinitz defense deferred (Russian defense)"]
[ECO "C79"]
[Time "15:00:54"]
[TimeControl "2700+45"]

1. e4 e5 2. Nf3 Nc6 3. Bb5 a6 4. Ba4 Nf6 5. O-O d6 6. Re1 Bd7 7. Bb3 Be7 8. h3
O-O 9. c3 h6 10. d4 Nh7 11. Be3 Bg5 12. Nxg5 Nxg5 13. Nd2 Kh8 14. Nf3 Nxe4 15.
Bxh6 gxh6 16. Rxe4 Bf5 17. Rh4 Qf6 18. Bc2 Qg6 19. Bxf5 Qxf5 20. Rxh6+ Kg7 21.
Rh4 Rh8 22. Rg4+ Kf6 23. Rg5 Qh7 24. dxe5+ Nxe5 25. Qe2 Rag8 26. Rxg8 Rxg8 27.
Kh2 Qf5 28. Re1 Re8 29. Nxe5 Rxe5 30. Qd2 Rxe1 31. Qxe1 Qc2 32. Qe3 Qxb2 33.
Qd4+ Ke7 34. a4 Qe2 35. h4 b5 36. axb5 axb5 37. Qf4 Qe5 38. Qxe5+ dxe5 39. Kg3
c5 40. Kf3 Kd6 41. Ke4 b4 42. cxb4 cxb4 43. Kd3 Ke6 44. g4 Kf6 45. Kc4 b3 46.
Kxb3 Kg6 47. Kc3 f6 48. Kd3 f5 49. f3 Kf6 50. Ke3 Kg6 51. gxf5+ Kxf5 52. h5 Kg5
53. Ke4 Kxh5 54. Kxe5 Kg6 55. f4 Kf7 56. f5 Ke7 57. Ke4 Kf6 58. Kf4 Kf7 59. Ke5
Ke7 60. f6+ Kf7 61. Kf5 Kf8 62. Ke6 Ke8 63. f7+ Kf8 {Game drawn by mutual
agreement} 1/2-1/2

[Event "Team 45 45 League T71"]
[Site "Internet Chess Club"]
[Date "2016.12.11"]
[Round "1"]
[White "drsigmund1"]
[Black "Electryon"]
[Result "1-0"]
[WhiteElo "1493"]
[BlackElo "1384"]
[Opening "Queen's pawn"]
[ECO "A40"]
[Time "15:00:19"]
[TimeControl "2700+45"]

1. d4 e6 2. Bf4 f5 3. e3 Nf6 4. Be2 Bb4+ 5. c3 Be7 6. Nd2 Nd5 7. Bg3 O-O 8. Ngf3
f4 9. exf4 Nxf4 10. O-O Nxe2+ 11. Qxe2 d6 12. Rfe1 Bd7 13. Rad1 Na6 14. b3 c5
15. Nc4 Nc7 16. dxc5 dxc5 17. Nfe5 Nd5 18. Nxd7 Qxd7 19. Qxe6+ Qxe6 20. Rxe6
Rad8 21. h3 Bf6 22. Be5 Nxc3 23. Rxd8 Rxd8 24. Bxc3 Bxc3 25. Nd6 b6 26. Nb5 Ba5
27. Nxa7 Rd1+ 28. Kh2 Rd2 29. a4 Rxf2 30. Re3 Rb2 31. Nc6 Bd2 32. Rf3 Bg5 33.
Ne5 Bd8 34. Nd7 Bc7+ 35. Kg1 Rb1+ 36. Kf2 Rb2+ 37. Kf1 Rb1+ 38. Ke2 Rb2+ 39. Kd1
h6 40. g4 Kh7 41. Nf8+ Kg8 42. Ne6 Be5 43. Nd8 Bf6 44. Nc6 Kf7 45. Ne5+ Ke6 46.
Nc4 Ra2 47. Nxb6 Bd4 48. Nc4 Rf2 49. Rxf2 Bxf2 50. Ke2 Bd4 51. a5 Kd7 52. a6 Kc8
53. Nd6+ Kb8 54. Nb5 Bg1 55. Kd3 g6 56. Kc4 h5 57. gxh5 gxh5 58. Nd6 Ka7 59. Kb5
h4 60. Ne4 Bd4 61. Nxc5 Bxc5 62. Kxc5 Kxa6 63. Kd5 Kb5 64. Ke5 Kb4 65. Kf4 Kxb3
66. Kg4 Kc4 67. Kxh4 Kd5 68. Kg5 Ke6 69. Kg6 Ke7 70. Kg7 Ke6 71. h4 Kf5 72. h5
Kg5 73. h6 {Black resigns} 1-0

[Event "Team 45 45 League T71"]
[Site "Internet Chess Club"]
[Date "2016.12.09"]
[Round "1"]
[White "Aquaman"]
[Black "dabodhi"]
[Result "0-1"]
[WhiteElo "1319"]
[BlackElo "1331"]
[Opening "Réti opening"]
[ECO "A05"]
[Time "15:30:58"]
[TimeControl "2700+45"]

1. Nf3 Nf6 2. g3 d5 3. Bg2 c6 4. O-O Bf5 5. d3 Nbd7 6. Nbd2 e5 7. e4 Bg4 8. Re1
d4 9. c3 c5 10. Qa4 Bd6 11. Nc4 Qc7 12. Nxd6+ Qxd6 13. c4 O-O 14. h3 Bxf3 15.
Bxf3 h6 16. a3 a5 17. Qd1 Qe6 18. Kg2 Nh7 19. Bg4 Qe7 20. h4 Ndf6 21. Bf3 Qe6
22. Rh1 Nd7 23. Bg4 Qe7 24. Bf3 f5 25. exf5 Rxf5 26. Be4 Rf6 27. Bxb7 Raf8 28.
Be4 Rxf2+ 29. Kg1 Qf6 30. Bg2 Qg6 31. Rh3 R8f5 32. Bd2 Nhf6 33. Bxa5 Ng4 34. Bd2
Ne3 35. Bxe3 dxe3 36. Qa4 e2 37. Qxd7 Qf6 38. Qd5+ Kh8 39. Qe4 Rf1+ 40. Bxf1
exf1=Q+ 41. Rxf1 Rxf1+ {White resigns} 0-1

[Event "Team 45 45 League T71"]
[Site "Internet Chess Club"]
[Date "2016.12.11"]
[Round "1"]
[White "Just-Jim"]
[Black "GiantsFan"]
[Result "0-1"]
[WhiteElo "1275"]
[BlackElo "1170"]
[Opening "Queen's pawn game"]
[ECO "D00"]
[Time "17:06:53"]
[TimeControl "2700+45"]

1. d4 d5 2. e3 c5 3. Bb5+ Bd7 4. Bxd7+ Nxd7 5. Ne2 e6 6. O-O Ngf6 7. Ng3 Bd6 8.
Nh5 O-O 9. Qf3 Qc7 10. Qh3 cxd4 11. exd4 Qxc2 12. Nxf6+ Nxf6 13. Qh4 h6 14. Bxh6
Qxb2 15. Qg5 Ne8 16. Nd2 Qxd4 17. Nb3 Qf6 18. Qxf6 Nxf6 19. Bg5 Be5 20. f4 Bxa1
21. Rxa1 Ne4 22. Be7 Rfc8 23. Na5 Rc7 24. Bh4 Rac8 25. h3 Rc1+ 26. Rxc1 Rxc1+
27. Kh2 Ra1 28. Nxb7 Rxa2 29. Nd8 Kf8 30. Nc6 Ra1 31. Nd4 f6 32. Nxe6+ Ke7 33.
Nd4 g5 34. fxg5 fxg5 35. Nc6+ Kd6 36. Bg3+ Nxg3 37. Nd4 Ne4 38. Nf5+ Ke5 39. Ne3
d4 40. Nc2 Ra2 41. Nb4 Rb2 42. Nd3+ Kd5 43. Nxb2 a5 44. Kg1 Kc5 45. Kf1 Kb4 46.
Ke2 Nc5 47. Kd2 a4 48. Kc2 a3 49. Nd1 d3+ 50. Kb1 d2 51. Kc2 Nb3 52. Kb1 Kc4 53.
Ka2 Kb4 54. g3 Nc1+ 55. Ka1 Kb3 56. h4 gxh4 57. gxh4 Ne2 58. h5 Nd4 59. h6 a2
60. Ne3 d1=R+ 61. Nxd1 Nc2# {White checkmated} 0-1

[Event "Team 45 45 League T71"]
[Site "Internet Chess Club"]
[Date "2016.12.11"]
[Round "1"]
[White "artspir"]
[Black "Xbug"]
[Result "1-0"]
[WhiteElo "1160"]
[BlackElo "1105"]
[Opening "King's Indian: London system"]
[ECO "A48"]
[Time "09:00:17"]
[TimeControl "2700+45"]

1. d4 Nf6 2. Nf3 g6 3. Bf4 Bg7 4. Nbd2 d6 5. c3 Nc6 6. e3 Nb8 7. Bd3 O-O 8. O-O
Re8 9. Qb3 Nh5 10. Bg3 Nxg3 11. hxg3 e5 12. Bc4 Be6 13. Bxe6 Rxe6 14. Ng5 Qxg5
15. Qxb7 Qd8 16. Qxa8 exd4 17. cxd4 Re8 18. Qxa7 Nc6 19. Qa4 Qa8 {Black resigns}
1-0

[Event "Team 45 45 League T71"]
[Site "Internet Chess Club"]
[Date "2016.12.10"]
[Round "1"]
[White "rkjulianjr"]
[Black "Andaluz"]
[Result "1-0"]
[WhiteElo "1361"]
[BlackElo "1365"]
[Opening "Nimzo-Indian: 4.e3"]
[ECO "E40"]
[Time "13:00:23"]
[TimeControl "2700+45"]

1. d4 Nf6 2. c4 e6 3. Nc3 Bb4 4. e3 Ne4 5. Ne2 c5 6. Qc2 d5 7. a3 Ba5 8. dxc5
Qf6 9. f3 Nxc3 10. Nxc3 d4 11. exd4 Qxd4 12. b4 Bc7 13. Qd2 Qh4+ 14. Qf2 Qxf2+
15. Kxf2 Be5 16. Bb2 a6 17. Rb1 f5 18. Na4 Bxb2 19. Rxb2 Nc6 20. Nb6 Rb8 21. Be2
Nd4 22. Rd1 Nxe2 23. Rxe2 Kf7 24. Nd7 Bxd7 25. Rxd7+ Kf6 26. Red2 Rhe8 27. R2d6
Re7 28. Rd8 Rxd8 29. Rxd8 Rc7 30. f4 Ke7 31. Rd6 Rd7 32. Rxd7+ Kxd7 33. Ke3 Kc6
34. Kd4 Kd7 35. a4 Kc6 36. b5+ Kd7 37. Ke5 h6 38. a5 Ke7 39. c6 bxc6 40. b6 Kd7
41. b7 Kc7 42. b8=Q+ Kxb8 43. Kxe6 Kc7 44. c5 g5 45. Kxf5 gxf4 46. Kxf4 Kd7 47.
Kf5 Ke7 48. g4 Kf7 49. h4 Kg7 50. g5 h5 51. g6 {Black resigns} 1-0

[Event "Team 45 45 League T71"]
[Site "Internet Chess Club"]
[Date "2016.12.08"]
[Round "1"]
[White "olivermx"]
[Black "Toalla"]
[Result "1-0"]
[WhiteElo "1290"]
[BlackElo "1152"]
[Opening "Sicilian defense"]
[ECO "B40"]
[Time "18:10:02"]
[TimeControl "2700+45"]

1. e4 c5 2. Nf3 e6 3. Nc3 Nc6 4. Bb5 a6 5. Bxc6 bxc6 6. d3 d5 7. O-O Nf6 8. Re1
Be7 9. Bd2 O-O 10. h3 d4 11. Ne2 Nd7 12. c3 e5 13. Rc1 Qb6 14. b3 Rd8 15. cxd4
cxd4 16. Ng3 g6 17. Rf1 Bf6 18. Qe1 a5 19. Bh6 Nc5 20. Qd2 Ba6 21. Bg5 Bxg5 22.
Qxg5 Nxd3 23. Rcd1 Nc5 24. Rfe1 Nd7 25. Nxe5 f6 26. Nxd7 fxg5 27. Nxb6 Ra7 28.
Rd2 Bb7 29. Red1 c5 30. Na4 Rc8 31. Rc1 {Black resigns} 1-0

[Event "Team 45 45 League T71"]
[Site "Internet Chess Club"]
[Date "2016.12.12"]
[Round "1"]
[White "tasawyer81"]
[Black "wildangels"]
[Result "1-0"]
[WhiteElo "1145"]
[BlackElo "1061"]
[Opening "QGA: 3.e4"]
[ECO "D20"]
[Time "20:35:37"]
[TimeControl "2700+45"]

1. d4 d5 2. c4 dxc4 3. e4 Nf6 4. Nc3 g6 5. e5 Nd5 6. Bxc4 Be6 7. Nf3 Nxc3 8.
bxc3 Bxc4 9. Rb1 e6 10. Bg5 Qd7 11. Bf6 Rg8 12. Ng5 Be7 13. Nxh7 b6 14. Bxe7 Qd5
15. Nf6+ Kxe7 16. Nxd5+ Bxd5 17. O-O Rh8 18. Qd2 Kd7 19. Qf4 f5 20. exf6 Nc6 21.
f7 Raf8 22. Qf6 Nd8 23. Rfe1 Rxf7 24. Qxh8 Rf5 25. Re5 Nc6 26. Rxf5 gxf5 27. h4
Ne7 28. Qg7 Bxa2 29. Re1 a5 30. h5 Kd6 31. Qe5+ Kc6 32. Rc1 Bc4 33. d5+ Bxd5 34.
c4 Be4 35. Qxe6+ Kb7 {Black resigns} 1-0

[Event "Team 45 45 League T71"]
[Site "Internet Chess Club"]
[Date "2016.12.10"]
[Round "1"]
[White "oldbookseller"]
[Black "WzeroMN"]
[Result "0-1"]
[WhiteElo "968"]
[BlackElo "1179"]
[Opening "Queen's pawn game, Zukertort variation"]
[ECO "D05"]
[Time "14:00:09"]
[TimeControl "2700+45"]

1. d4 Nf6 2. Nf3 e6 3. e3 d5 4. Nbd2 c5 5. b3 cxd4 6. exd4 Bb4 7. Bd3 O-O 8. O-O
Qe7 9. Bb2 b6 10. c3 Bd6 11. c4 Ba6 12. Bc2 Nbd7 13. Re1 Rae8 14. Ng5 Bf4 15.
Ndf3 Bxg5 16. Nxg5 h6 17. Nh7 Nxh7 18. Qd3 Ndf6 19. Bc1 Qc7 20. Re5 dxc4 21. Qg3
Kh8 22. Bxh6 gxh6 23. Qf4 Rg8 24. Bxh7 Nxh7 25. Qe4 cxb3 26. axb3 f5 27. Qf4 Qc3
28. g4 Qxa1+ 29. Kg2 Qc3 30. g5 Qc6+ 31. Kg3 Qc3+ 32. Kh4 Rxg5 33. d5 Rg4+ 34.
Kh5 Rxf4 35. d6 Qh3+ 36. Kg6 Qg2+ 37. Kf7 Qg5 38. d7 Qg8# {White checkmated} 0-1

[Event "Team 45 45 League T71"]
[Site "Internet Chess Club"]
[Date "2016.12.10"]
[Round "1"]
[White "mongmong"]
[Black "yuanbao2007"]
[Result "0-1"]
[WhiteElo "1471"]
[BlackElo "1163"]
[Opening "Queen's pawn game"]
[ECO "D02"]
[Time "21:00:15"]
[TimeControl "2700+45"]

1. d4 d5 2. Nf3 Bf5 3. e3 Nf6 4. c4 e6 5. Nc3 Bb4 6. cxd5 Nxd5 7. Bd2 Nc6 8. Bb5
O-O 9. O-O Qd6 10. Bxc6 Qxc6 11. Nxd5 exd5 12. Bxb4 Rfe8 13. Rc1 Qg6 14. Ne5 Qg5
15. Qf3 Be4 16. Qg3 Qf6 17. Nd7 Qe6 18. Nc5 Qb6 19. Nxe4 Rxe4 20. Bc3 Rae8 21.
Rc2 R8e6 22. h3 Rg6 23. Qh2 Qf6 24. Be1 Rh4 25. Rxc7 h6 26. f4 Rh5 27. Bd2 Qf5
28. Kh1 Qe4 29. Rf2 Qb1+ 30. Qg1 Rxh3+ {White resigns} 0-1

[Event "Team 45 45 League T71"]
[Site "Internet Chess Club"]
[Date "2016.12.09"]
[Round "1"]
[White "Uku"]
[Black "PsyMar"]
[Result "0-1"]
[WhiteElo "1243"]
[BlackElo "1346"]
[Opening "Rousseau gambit"]
[ECO "C50"]
[Time "18:19:08"]
[TimeControl "2700+45"]

1. e4 e5 2. Nf3 Nc6 3. Bc4 f5 4. d3 f4 5. b3 Nf6 6. Bb2 Bb4+ 7. Nbd2 Qe7 8. O-O
Na5 9. Bxe5 Nxc4 10. Nxc4 d6 11. Bxf4 Bc3 12. Rb1 Bg4 13. Bd2 Bxd2 14. Ncxd2
O-O-O 15. a4 h5 16. b4 Rdg8 17. h3 Nd7 18. b5 Ne5 19. a5 c5 20. hxg4 hxg4 21.
Nxe5 dxe5 22. f3 g3 23. Re1 Qh4 24. Kf1 Qh1+ 25. Ke2 Qxg2+ 26. Ke3 Qf2# {White
checkmated} 0-1

[Event "Team 45 45 League T71"]
[Site "Internet Chess Club"]
[Date "2016.12.11"]
[Round "1"]
[White "stantheman59"]
[Black "princevultan2"]
[Result "1-0"]
[WhiteElo "1223"]
[BlackElo "1249"]
[Opening "QGD: Capablanca-Duras variation"]
[ECO "D02"]
[Time "18:01:52"]
[TimeControl "2700+45"]

1. d4 d5 2. Nf3 Nf6 3. c4 e6 4. Bg5 h6 5. Bh4 Be7 6. Bg3 O-O 7. e3 c5 8. Nc3 Nc6
9. a3 Qb6 10. Rb1 Qa5 11. Bd3 cxd4 12. exd4 Bxa3 13. Ra1 Qb4 14. Rxa3 Qxb2 15.
Qa1 Qxa1+ 16. Rxa1 Re8 17. O-O Nxd4 18. Nxd4 e5 19. Ndb5 d4 20. Ne4 Re7 21.
Nxf6+ gxf6 22. Rfe1 a6 23. Nd6 Bd7 24. Nxb7 Be6 25. Nc5 Bc8 26. Bh4 Kg7 27. Ne4
Bf5 28. Bxf6+ Kg6 29. Bxe7 {Black resigns} 1-0

[Event "Team 45 45 League T71"]
[Site "Internet Chess Club"]
[Date "2016.12.11"]
[Round "1"]
[White "Agarnez"]
[Black "vael"]
[Result "1/2-1/2"]
[WhiteElo "1989"]
[BlackElo "1938"]
[Opening "QGD Slav: 4.Nc3"]
[ECO "D15"]
[Time "16:00:36"]
[TimeControl "2700+45"]

1. d4 d5 2. c4 c6 3. Nf3 Nf6 4. Nc3 a6 5. c5 Nbd7 6. Bf4 Nh5 7. e3 g6 8. Bd3 Bg7
9. O-O O-O 10. Rc1 Nxf4 11. exf4 Bh6 12. g3 f6 13. Rc2 e5 14. fxe5 fxe5 15. Nxe5
Nxe5 16. dxe5 Bh3 17. Re1 Qg5 18. Ne2 Rxf2 19. Nd4 Rd2 20. Rxd2 Qxd2 21. Qxd2
Bxd2 22. Re2 Bg5 23. Nf3 Rf8 24. Nd2 Bxd2 25. Rxd2 Bf5 26. Kg2 Kg7 27. a3 Rf7
28. h3 {Game drawn by mutual agreement} 1/2-1/2

[Event "Team 45 45 League T71"]
[Site "Internet Chess Club"]
[Date "2016.12.13"]
[Round "1"]
[White "passedpawn"]
[Black "roji"]
[Result "0-1"]
[WhiteElo "1849"]
[BlackElo "1920"]
[Opening "Old Benoni defense"]
[ECO "A43"]
[Time "20:01:04"]
[TimeControl "2700+45"]

1. d4 c5 2. c3 cxd4 3. cxd4 Nf6 4. Nf3 g6 5. Bf4 Bg7 6. e3 O-O 7. Be2 b6 8. h3
Ba6 9. O-O Bxe2 10. Qxe2 Nc6 11. Nc3 Rc8 12. Rfd1 d5 13. Rac1 Qd7 14. Ne5 Qb7
15. Qb5 a6 16. Qe2 b5 17. Nd3 Rfd8 18. Nc5 Qa7 19. Nb1 Nh5 20. Bh2 e5 21. dxe5
Nxe5 22. Bxe5 Bxe5 23. Nb3 Rxc1 24. Rxc1 Qe7 25. Qd2 Qf6 26. Nc3 d4 27. exd4 Bf4
28. Qd1 Bxc1 29. Qxc1 Nf4 30. Qe3 Nd5 31. Qe4 Nb6 32. Qe2 Nc4 33. a3 Qc6 34. Nd1
Re8 35. Ne3 Qe4 36. Qc2 Nxe3 37. Qxe4 Rxe4 38. fxe3 Rxe3 39. Nc5 Re2 40. Nxa6
Rxb2 41. Nc7 Kf8 42. Nd5 h5 43. Kh2 Ke8 44. Kg3 Kd7 45. Kf3 Rb3+ {White resigns}
0-1

[Event "Team 45 45 League T71"]
[Site "Internet Chess Club"]
[Date "2016.12.08"]
[Round "1"]
[White "ChessRooklift"]
[Black "backrankbrawler"]
[Result "1-0"]
[WhiteElo "1763"]
[BlackElo "1753"]
[Opening "Nimzovich-Larsen attack: classical variation"]
[ECO "A01"]
[Time "21:00:41"]
[TimeControl "2700+45"]

1. b3 d5 2. Bb2 Nf6 3. e3 e6 4. Nf3 Nbd7 5. d3 Bd6 6. Nbd2 e5 7. c4 c6 8. Qc2
O-O 9. Be2 Re8 10. Rd1 Qe7 11. Nf1 Nf8 12. Ng3 Ng6 13. O-O h5 14. Rfe1 h4 15.
Nf1 Ng4 16. Bc3 f5 17. Qb2 a6 18. b4 b5 19. c5 Bc7 20. h3 Nf6 21. N3d2 f4 22.
Bf3 Bf5 23. e4 Be6 24. d4 Bf7 25. exd5 Nxd5 26. dxe5 Nxc3 27. Qxc3 Bxe5 28. Qc2
Qc7 29. Ne4 a5 30. a3 axb4 31. axb4 Ra2 32. Qd3 Nf8 33. Ng5 Bc4 34. Qf5 Raa8 35.
Nd2 Bf6 36. Nxc4 bxc4 37. Ne4 Qe5 38. Nxf6+ Qxf6 39. Qxf6 gxf6 40. Bxc6 Rxe1+
41. Rxe1 Rd8 42. Re4 c3 43. Rc4 Rd3 44. Be4 Rd1+ 45. Kh2 Rc1 46. Bf5 Kg7 47. c6
c2 48. c7 {Black resigns} 1-0

[Event "Team 45 45 League T71"]
[Site "Internet Chess Club"]
[Date "2016.12.11"]
[Round "1"]
[White "kaiclc"]
[Black "justice02"]
[Result "1-0"]
[WhiteElo "1312"]
[BlackElo "1697"]
[Opening "French: exchange variation"]
[ECO "C01"]
[Time "10:06:25"]
[TimeControl "2700+45"]

1. e4 e6 2. d4 d5 3. exd5 exd5 4. Nc3 Bf5 5. Bd3 Ne7 6. Nge2 c6 7. Bf4 Bxd3 8.
Qxd3 Ng6 9. Bg3 Be7 10. O-O-O O-O 11. h4 Re8 12. h5 Nf8 13. Bf4 Ne6 14. Be3 Nd7
15. f3 Bg5 16. f4 Be7 17. g4 a5 18. g5 g6 19. hxg6 fxg6 20. Rh6 Kg7 21. Rdh1 Rh8
22. Ng3 Qg8 23. f5 Nxg5 24. fxg6 Rf8 25. gxh7 Qf7 26. R6h5 Qg6 27. Qd2 Nxh7 28.
Bh6+ Kg8 29. Bxf8 Ndxf8 30. Nf5 Bg5 31. Rxg5 Qxg5 32. Qxg5+ Nxg5 33. Rxh8+ Kxh8
34. Na4 Ne4 35. Nc5 Nxc5 36. dxc5 Ne6 37. Kd2 Nxc5 38. Ke3 Kh7 39. Kd4 b6 40.
Ne7 Kg7 41. Nxc6 Kf6 42. Kxd5 Na4 43. b3 Nc3+ 44. Kc4 Nxa2 45. Kb5 Ke6 46. Kxb6
Kd6 47. Nxa5 Nb4 48. c4 Nd3 49. Nb7+ Kd7 50. Nc5+ Nxc5 51. Kxc5 Kc7 {Black
resigns} 1-0

[Event "Team 45 45 League T71"]
[Site "Internet Chess Club"]
[Date "2016.12.10"]
[Round "1"]
[White "Percival"]
[Black "alexping"]
[Result "1/2-1/2"]
[WhiteElo "2059"]
[BlackElo "1957"]
[Opening "Benoni defense"]
[ECO "A56"]
[Time "06:05:41"]
[TimeControl "2700+45"]

1. d4 Nf6 2. c4 c5 3. d5 g6 4. Nc3 d6 5. e4 Bg7 6. Nf3 O-O 7. Be2 Bg4 8. O-O
Nbd7 9. Be3 a6 10. Nd2 Bxe2 11. Qxe2 Rb8 12. f3 Nh5 13. Rfe1 b6 14. a4 Rb7 15.
f4 Bd4 16. g3 e5 17. f5 Qg5 18. Kh1 Bxe3 19. Qxe3 Qxe3 20. Rxe3 g5 21. Kg2 Nhf6
22. h3 h5 23. b3 Kg7 24. Ree1 Nb8 25. Kf2 Ne8 26. Ndb1 f6 {Game drawn by mutual
agreement} 1/2-1/2

[Event "Team 45 45 League T71"]
[Site "Internet Chess Club"]
[Date "2016.12.10"]
[Round "1"]
[White "bobhill"]
[Black "LinceHispano44"]
[Result "1/2-1/2"]
[WhiteElo "1910"]
[BlackElo "1797"]
[Opening "Queen's bishop game"]
[ECO "D02"]
[Time "09:10:14"]
[TimeControl "2700+45"]

1. d4 d5 2. Nf3 Nf6 3. Bf4 Bf5 4. e3 e6 5. Nbd2 Bd6 6. Bxd6 cxd6 7. c3 Nbd7 8.
Nh4 Bg4 9. Qb3 Qb6 10. h3 Bh5 11. Bd3 Qxb3 12. axb3 Nb6 13. f4 Bg6 14. f5 exf5
15. Bxf5 O-O 16. O-O Rfe8 17. Rf3 a6 18. Raf1 a5 19. Nxg6 hxg6 20. Bd3 Re7 21.
Bb5 a4 22. bxa4 Nxa4 23. Ra1 Nb6 24. Rxa8+ Nxa8 25. Bd3 Nb6 26. Kf1 Na4 27. Bb5
Nxb2 28. Ke2 Rc7 29. Rf1 Rxc3 30. Rb1 Rc2 31. Bd3 Nxd3 32. Kxd3 Rc7 33. Rb6 Rd7
34. Nb3 Ne4 35. Na5 Rc7 36. Nxb7 Rc3+ 37. Ke2 Rc2+ 38. Kf1 Rc1+ 39. Ke2 Rc2+ 40.
Kf1 Rc1+ 41. Ke2 Rc2+ {Game drawn by repetition} 1/2-1/2

[Event "Team 45 45 League T71"]
[Site "Internet Chess Club"]
[Date "2016.12.10"]
[Round "1"]
[White "Rhel"]
[Black "Beetlejuice"]
[Result "1-0"]
[WhiteElo "1742"]
[BlackElo "1762"]
[Opening "Dutch defense"]
[ECO "A87"]
[Time "15:01:59"]
[TimeControl "2700+45"]

1. d4 f5 2. g3 Nf6 3. Nf3 g6 4. Bg2 Bg7 5. O-O O-O 6. c4 d6 7. Nc3 Qe8 8. d5 a5
9. Be3 Na6 10. Qd2 c6 11. Bh6 e5 12. Bxg7 Kxg7 13. dxc6 Qxc6 14. Nxe5 Qc5 15.
Nd3 Qxc4 16. Nf4 Rd8 17. Ncd5 Ne4 18. Qxa5 Bd7 19. Rac1 Qb5 20. Qxb5 Bxb5 21.
Ne6+ Kf7 22. Nxd8+ Rxd8 23. Rfe1 Nac5 24. Nc3 Bc6 25. b4 Ne6 26. Nxe4 fxe4 27.
Red1 d5 28. f3 Ra8 29. fxe4 dxe4 30. Rc4 Rxa2 31. Bxe4 Ba4 32. Rf1+ Ke7 33. Bxb7
Rxe2 34. Re4 Rd2 35. Bc8 Bb3 36. Rfe1 Rd6 37. Bxe6 Bxe6 38. b5 Kf6 39. Rxe6+
Rxe6 40. Rxe6+ Kxe6 41. b6 Kd6 42. Kf2 Kc6 43. Kf3 Kxb6 44. Kf4 Kc6 45. Kg5 Kd6
46. Kh6 Ke6 47. Kxh7 Kf5 48. h3 Kg5 49. g4 Kf6 50. Kh6 g5 51. Kh5 {Black
resigns} 1-0

[Event "Team 45 45 League T71"]
[Site "Internet Chess Club"]
[Date "2016.12.12"]
[Round "1"]
[White "edelgado"]
[Black "KidRattler"]
[Result "1/2-1/2"]
[WhiteElo "1530"]
[BlackElo "1557"]
[Opening "Scotch: Potter variation"]
[ECO "C45"]
[Time "19:00:54"]
[TimeControl "2700+45"]

1. e4 e5 2. Nf3 Nc6 3. d4 exd4 4. Nxd4 Bc5 5. Nb3 Bb6 6. a4 Nf6 7. a5 Bxf2+ 8.
Kxf2 Nxe4+ 9. Kg1 O-O 10. Bd3 Re8 11. N1d2 d5 12. Nxe4 dxe4 13. Be2 Qf6 14. Qf1
Qxf1+ 15. Kxf1 Nb4 16. Bd1 e3 17. Ra4 Nd5 {Game drawn by mutual agreement}
1/2-1/2